Selects Armored Battlegroup
Selects Armored Battlegroup
Selects Armored Battlegroup
Selects Armored Battlegroup
Selects Assault Engineers
Construct Weapon Support Center
Construct Medical Station
Selects Strength in Steel
M18 Hellcat Tank Destroyer
Selects UNKNOWN (2160077)
M4A3E8 Sherman Easy Eight
M4A3E8 Sherman Easy Eight
M4A3E8 Sherman Easy Eight
M4A3E8 Sherman Easy Eight
M4A3E8 Sherman Easy Eight
M4(105) Sherman Bulldozer
M4A3E8 Sherman Easy Eight